3297 views
Uploaded 2020-02-28 21:07:09
Game version 1.32.2
26:08 long 4on4 ladder game on (8)Northshire_LV
Saved by BEARAND
3297 views
Uploaded 2020-02-28 21:07:09
Game version 1.32.2
26:08 long 4on4 ladder game on (8)Northshire_LV


108 units @ 12.4k
/ 1.9k
368 buildings @ 22.9k
/ 13.3k
ChuckleMan
(103)
(26:07) : 
| Lesser Clarity Potion | 10 | 700 |
| Healing Salve | 7 | 700 |
| Tiny Great Hall | 3 | 1800 |
| Scroll of Speed | 1 | 50 |
| Orb of Lightning | 1 | 375 |
| Boots of Speed | 1 | 250 |
| Staff of Teleportation | 1 | 150 |
| total: | 24 | 4025g |
| Peon | 17 | 1275 | / | 0 |
| Troll Batrider | 15 | 2400 | / | 600 |
| Goblin Shredder | 1 | 375 | / | 100 |
| Goblin Sapper | 4 | 860 | / | 400 |
| Goblin Zeppelin | 1 | 240 | / | 60 |
| total: | 38 | 5150g | / | 1160w |
| Watch Tower | 49 | 5390 | / | 3920 |
| Altar of Storms | 1 | 180 | / | 50 |
| Orc Burrow | 4 | 640 | / | 160 |
| War Mill | 3 | 615 | / | 0 |
| Voodoo Lounge | 4 | 520 | / | 120 |
| Great Hall | 2 | 770 | / | 370 |
| Beastiary | 2 | 290 | / | 280 |
| Stronghold | 1 | 315 | / | 190 |
| Fortress | 1 | 325 | / | 190 |
| total: | 65 | 8405g | / | 4900w |
| 0:02 | Peon |
| 0:03 | Peon |
| 0:06 | Altar of Storms |
| 0:10 | Orc Burrow |
| 0:23 | Peon |
| 0:48 | War Mill |
| 0:50 | Peon |
| 1:04 | Voodoo Lounge |
| 1:09 | Peon |
| 1:18 | Peon |
| 1:35 | Peon |
| 1:44 | Orc Burrow |
| 1:50 | Peon |
| 2:00 | Watch Tower |
| 2:05 | Peon |
| 2:08 | Wind Walk |
| 2:10 | Lesser Clarity Potion |
| 2:11 | Healing Salve |
| 2:17 | Watch Tower |
| 2:19 | Peon |
| 2:36 | Peon |
| 2:42 | Watch Tower |
| 3:07 | Stronghold |
| 3:26 | Watch Tower |
| 3:28 | Watch Tower |
| 3:47 | Watch Tower |
| 3:49 | Watch Tower |
| 4:05 | Lesser Clarity Potion |
| 4:06 | Healing Salve |
| 4:07 | Lesser Clarity Potion |
| 4:36 | Boots of Speed |
| 4:45 | Staff of Teleportation |
| 5:13 | Watch Tower |
| 5:20 | Critical Strike |
| 5:37 | Fortress |
| 5:38 | Watch Tower |
| 5:55 | Beastiary |
| 6:01 | Beastiary |
| 6:28 | Orc Burrow |
| 6:50 | Watch Tower |
| 7:01 | Goblin Shredder |
| 7:18 | Orc Burrow |
| 7:27 | Healing Salve |
| 7:42 | Troll Batrider |
| 7:43 | Troll Batrider |
| 8:17 | Troll Batrider |
| 8:19 | Liquid Fire |
| 8:20 | Wind Walk |
| 8:40 | Troll Batrider |
| 9:05 | Troll Batrider |
| 9:21 | Goblin Sapper |
| 9:32 | Voodoo Lounge |
| 9:36 | Reinforced Defenses |
| 10:04 | Troll Batrider |
| 10:30 | Troll Batrider |
| 10:50 | Troll Batrider |
| 11:02 | Voodoo Lounge |
| 11:15 | Voodoo Lounge |
| 11:26 | Lesser Clarity Potion |
| 11:54 | Spiked Barricades |
| 11:58 | Watch Tower |
| 11:59 | Watch Tower |
| 12:00 | Watch Tower |
| 12:32 | Great Hall |
| 12:56 | Lesser Clarity Potion |
| 12:56 | Healing Salve |
| 13:23 | Watch Tower |
| 13:24 | Watch Tower |
| 13:24 | Watch Tower |
| 13:28 | Critical Strike |
| 13:47 | Watch Tower |
| 13:47 | Watch Tower |
| 14:05 | Watch Tower |
| 14:51 | Troll Batrider |
| 14:57 | Watch Tower |
| 14:58 | Watch Tower |
| 14:59 | Watch Tower |
| 15:00 | Watch Tower |
| 15:15 | Watch Tower |
| 15:18 | Lesser Clarity Potion |
| 15:57 | Wind Walk |
| 16:30 | Watch Tower |
| 16:31 | Troll Batrider |
| 16:31 | Troll Batrider |
| 16:40 | Watch Tower |
| 16:41 | Bladestorm |
| 17:02 | Watch Tower |
| 17:05 | Watch Tower |
| 17:15 | Lesser Clarity Potion |
| 17:16 | Healing Salve |
| 17:20 | Tiny Great Hall |
| 17:22 | Scroll of Speed |
| 18:05 | Watch Tower |
| 18:07 | Watch Tower |
| 18:09 | Watch Tower |
| 18:10 | Troll Batrider |
| 18:12 | Watch Tower |
| 18:16 | Watch Tower |
| 18:18 | Watch Tower |
| 18:24 | Lesser Clarity Potion |
| 18:26 | Orb of Lightning |
| 18:29 | Healing Salve |
| 18:39 | Peon |
| 19:10 | Goblin Sapper |
| 19:11 | Goblin Sapper |
| 19:11 | Goblin Sapper |
| 19:38 | Watch Tower |
| 19:39 | Troll Batrider |
| 19:54 | Great Hall |
| 19:59 | Lesser Clarity Potion |
| 20:15 | Tiny Great Hall |
| 20:31 | Troll Batrider |
| 20:42 | War Mill |
| 21:06 | Troll Batrider |
| 21:10 | Watch Tower |
| 21:19 | Watch Tower |
| 21:25 | Goblin Zeppelin |
| 21:31 | Watch Tower |
| 21:33 | Peon |
| 21:33 | Peon |
| 21:35 | Peon |
| 21:43 | Peon |
| 21:59 | Watch Tower |
| 22:05 | Watch Tower |
| 22:41 | Critical Strike |
| 22:47 | Peon |
| 23:21 | Watch Tower |
| 23:21 | Watch Tower |
| 23:25 | Watch Tower |
| 23:28 | Watch Tower |
| 23:31 | Watch Tower |
| 23:33 | Watch Tower |
| 23:38 | War Mill |
| 24:02 | Watch Tower |
| 24:13 | Lesser Clarity Potion |
| 24:14 | Healing Salve |
| 24:17 | Tiny Great Hall |
| 24:55 | Watch Tower |
| 24:57 | Watch Tower |
| Right click | 995 |
| Select group | 347 |
| Select | 277 |
| Build/train/purchase | 150 |
| Use ability | 71 |
| Misc. action | 37 |
| Resource trade | 36 |
| Assign group | 32 |
| Item give/drop | 8 |
| Esc | 6 |
| Minimap ping | 1 |
BEARAND
(26:07) : 


| Staff of Sanctuary | 4 | 1000 |
| Boots of Speed | 3 | 750 |
| Staff of Teleportation | 3 | 450 |
| Periapt of Vitality | 1 | 325 |
| Circlet of Nobility | 1 | 175 |
| Orb of Lightning | 2 | 750 |
| total: | 14 | 3450g |
| Peasant | 14 | 1050 | / | 0 |
| Priest | 1 | 135 | / | 10 |
| Sorceress | 5 | 775 | / | 100 |
| Goblin Shredder | 1 | 375 | / | 100 |
| total: | 21 | 2335g | / | 210w |
| Scout Tower | 44 | 1320 | / | 880 |
| Arcane Tower | 6 | 420 | / | 300 |
| Guard Tower | 25 | 1750 | / | 1250 |
| Altar of Kings | 1 | 180 | / | 50 |
| Farm | 5 | 400 | / | 100 |
| Lumber Mill | 1 | 120 | / | 0 |
| Arcane Vault | 3 | 390 | / | 90 |
| Town Hall | 1 | 385 | / | 205 |
| Arcane Sanctum | 1 | 150 | / | 140 |
| Keep | 1 | 320 | / | 210 |
| Castle | 1 | 360 | / | 210 |
| total: | 56 | 2945g | / | 1465w |
| 0:02 | Peasant |
| 0:02 | Peasant |
| 0:11 | Altar of Kings |
| 0:20 | Farm |
| 0:28 | Peasant |
| 0:29 | Peasant |
| 0:36 | Farm |
| 0:42 | Peasant |
| 0:52 | Peasant |
| 1:04 | Lumber Mill |
| 1:06 | Peasant |
| 1:07 | Peasant |
| 1:15 | Peasant |
| 1:27 | Peasant |
| 1:32 | Scout Tower |
| 1:40 | Scout Tower |
| 1:49 | Peasant |
| 1:51 | Peasant |
| 2:00 | Scout Tower |
| 2:00 | Arcane Tower |
| 2:13 | Blizzard |
| 2:25 | Guard Tower |
| 2:26 | Scout Tower |
| 2:29 | Peasant |
| 2:30 | Guard Tower |
| 2:33 | Peasant |
| 3:13 | Brilliance Aura |
| 3:14 | Guard Tower |
| 3:16 | Scout Tower |
| 3:16 | Scout Tower |
| 3:17 | Scout Tower |
| 3:17 | Scout Tower |
| 3:48 | Keep |
| 4:11 | Arcane Vault |
| 5:09 | Guard Tower |
| 5:09 | Guard Tower |
| 5:10 | Guard Tower |
| 5:11 | Farm |
| 5:13 | Scout Tower |
| 5:14 | Scout Tower |
| 5:15 | Scout Tower |
| 5:31 | Improved Masonry |
| 5:46 | Boots of Speed |
| 5:55 | Farm |
| 5:57 | Arcane Vault |
| 6:01 | Arcane Vault |
| 6:14 | Improved Lumber Harvesting |
| 6:16 | Blizzard |
| 7:09 | Storm Bolt |
| 7:12 | Guard Tower |
| 7:16 | Arcane Sanctum |
| 7:16 | Castle |
| 7:18 | Scout Tower |
| 7:18 | Scout Tower |
| 7:19 | Scout Tower |
| 7:20 | Scout Tower |
| 7:20 | Scout Tower |
| 7:26 | Scout Tower |
| 7:53 | Goblin Shredder |
| 7:57 | Scout Tower |
| 8:39 | Arcane Tower |
| 8:39 | Guard Tower |
| 8:40 | Guard Tower |
| 8:40 | Magic Sentry |
| 8:41 | Priest |
| 8:50 | Boots of Speed |
| 9:06 | Guard Tower |
| 9:12 | Advanced Masonry |
| 9:35 | Scout Tower |
| 9:35 | Scout Tower |
| 9:36 | Scout Tower |
| 9:38 | Scout Tower |
| 9:38 | Scout Tower |
| 9:39 | Scout Tower |
| 10:08 | Staff of Sanctuary |
| 11:09 | Guard Tower |
| 11:11 | Imbued Masonry |
| 11:19 | Bash |
| 11:41 | Town Hall |
| 11:44 | Scout Tower |
| 11:45 | Scout Tower |
| 11:46 | Scout Tower |
| 11:48 | Scout Tower |
| 11:48 | Scout Tower |
| 11:59 | Staff of Sanctuary |
| 12:15 | Farm |
| 12:28 | Staff of Teleportation |
| 12:38 | Sorceress |
| 12:54 | Staff of Teleportation |
| 12:56 | Boots of Speed |
| 13:12 | Staff of Sanctuary |
| 13:23 | Sorceress |
| 13:24 | Sorceress Adept Training |
| 13:28 | Holy Light |
| 13:50 | Sorceress |
| 13:51 | Sorceress |
| 13:53 | Guard Tower |
| 13:55 | Scout Tower |
| 14:06 | Guard Tower |
| 14:07 | Arcane Tower |
| 14:07 | Guard Tower |
| 14:08 | Guard Tower |
| 14:52 | Guard Tower |
| 14:53 | Scout Tower |
| 14:54 | Scout Tower |
| 14:55 | Scout Tower |
| 14:55 | Scout Tower |
| 14:56 | Scout Tower |
| 14:56 | Scout Tower |
| 14:57 | Scout Tower |
| 14:58 | Scout Tower |
| 14:58 | Scout Tower |
| 14:59 | Scout Tower |
| 15:01 | Scout Tower |
| 15:01 | Scout Tower |
| 15:01 | Scout Tower |
| 15:02 | Scout Tower |
| 15:04 | Sorceress Master Training |
| 16:15 | Periapt of Vitality |
| 16:16 | Circlet of Nobility |
| 16:25 | Sorceress |
| 16:28 | Guard Tower |
| 16:29 | Guard Tower |
| 16:32 | Orb of Lightning |
| 17:58 | Staff of Teleportation |
| 18:25 | Guard Tower |
| 18:41 | Orb of Lightning |
| 18:50 | Guard Tower |
| 18:54 | Staff of Sanctuary |
| 19:39 | Divine Shield |
| 19:56 | Storm Bolt |
| 20:42 | Arcane Tower |
| 20:43 | Guard Tower |
| 22:46 | Brilliance Aura |
| 23:05 | Holy Light |
| 24:39 | Bash |
| 25:31 | Divine Shield |
| Right click | 2128 |
| Select | 716 |
| Select group | 282 |
| Chat | 183 |
| Build/train/purchase | 173 |
| Use ability | 81 |
| Misc. action | 43 |
| Resource trade | 40 |
| Assign group | 15 |
| Item give/drop | 9 |
| Minimap ping | 7 |


| Staff of Teleportation | 2 | 300 |
| Boots of Speed | 1 | 250 |
| Healing Salve | 2 | 200 |
| Orb of Lightning | 1 | 375 |
| total: | 6 | 1125g |
| Peasant | 27 | 2025 | / | 0 |
| total: | 27 | 2025g | / | 0w |
| Scout Tower | 207 | 6210 | / | 4140 |
| Arcane Tower | 2 | 140 | / | 100 |
| Guard Tower | 71 | 4970 | / | 3550 |
| Altar of Kings | 1 | 180 | / | 50 |
| Farm | 5 | 400 | / | 100 |
| Lumber Mill | 1 | 120 | / | 0 |
| Town Hall | 2 | 770 | / | 410 |
| Keep | 1 | 320 | / | 210 |
| Castle | 1 | 360 | / | 210 |
| total: | 216 | 7680g | / | 4700w |
| 0:01 | Peasant |
| 0:03 | Altar of Kings |
| 0:12 | Peasant |
| 0:18 | Farm |
| 0:26 | Peasant |
| 0:30 | Lumber Mill |
| 0:40 | Peasant |
| 0:51 | Farm |
| 0:53 | Peasant |
| 1:00 | Peasant |
| 1:04 | Farm |
| 1:14 | Peasant |
| 1:23 | Scout Tower |
| 1:26 | Peasant |
| 1:44 | Peasant |
| 1:49 | Arcane Tower |
| 1:50 | Scout Tower |
| 2:04 | Peasant |
| 2:18 | Blizzard |
| 2:20 | Guard Tower |
| 2:21 | Scout Tower |
| 2:22 | Scout Tower |
| 2:24 | Scout Tower |
| 2:24 | Scout Tower |
| 2:25 | Scout Tower |
| 2:30 | Peasant |
| 2:46 | Peasant |
| 3:30 | Peasant |
| 3:35 | Farm |
| 3:39 | Peasant |
| 3:44 | Guard Tower |
| 3:51 | Peasant |
| 4:08 | Scout Tower |
| 4:09 | Guard Tower |
| 4:12 | Scout Tower |
| 4:13 | Scout Tower |
| 4:16 | Peasant |
| 4:32 | Peasant |
| 5:11 | Scout Tower |
| 5:11 | Scout Tower |
| 5:13 | Scout Tower |
| 5:14 | Scout Tower |
| 5:23 | Town Hall |
| 5:26 | Scout Tower |
| 5:29 | Scout Tower |
| 5:32 | Brilliance Aura |
| 5:34 | Scout Tower |
| 5:39 | Arcane Tower |
| 5:43 | Guard Tower |
| 5:51 | Guard Tower |
| 6:07 | Scout Tower |
| 6:07 | Scout Tower |
| 6:35 | Guard Tower |
| 6:36 | Guard Tower |
| 6:36 | Guard Tower |
| 6:38 | Scout Tower |
| 6:39 | Scout Tower |
| 6:39 | Scout Tower |
| 6:40 | Peasant |
| 6:40 | Peasant |
| 6:52 | Peasant |
| 7:07 | Guard Tower |
| 7:08 | Scout Tower |
| 7:11 | Scout Tower |
| 7:14 | Scout Tower |
| 7:19 | Scout Tower |
| 7:19 | Scout Tower |
| 7:27 | Guard Tower |
| 7:29 | Scout Tower |
| 7:30 | Scout Tower |
| 7:30 | Scout Tower |
| 7:31 | Scout Tower |
| 7:32 | Peasant |
| 7:42 | Peasant |
| 8:37 | Keep |
| 8:48 | Peasant |
| 8:49 | Guard Tower |
| 8:50 | Scout Tower |
| 8:50 | Scout Tower |
| 8:51 | Scout Tower |
| 8:51 | Scout Tower |
| 8:53 | Guard Tower |
| 8:55 | Scout Tower |
| 8:55 | Scout Tower |
| 8:56 | Scout Tower |
| 8:56 | Scout Tower |
| 8:58 | Improved Masonry |
| 9:12 | Scout Tower |
| 9:12 | Scout Tower |
| 9:13 | Scout Tower |
| 9:13 | Scout Tower |
| 9:20 | Guard Tower |
| 9:20 | Guard Tower |
| 9:47 | Scout Tower |
| 9:48 | Scout Tower |
| 10:01 | Blizzard |
| 10:09 | Guard Tower |
| 10:15 | Guard Tower |
| 10:17 | Scout Tower |
| 10:18 | Scout Tower |
| 10:18 | Scout Tower |
| 10:19 | Scout Tower |
| 10:20 | Scout Tower |
| 10:57 | Guard Tower |
| 11:05 | Guard Tower |
| 11:09 | Guard Tower |
| 11:41 | Castle |
| 11:51 | Guard Tower |
| 11:52 | Scout Tower |
| 11:53 | Scout Tower |
| 11:57 | Scout Tower |
| 11:58 | Scout Tower |
| 11:58 | Scout Tower |
| 12:01 | Scout Tower |
| 12:02 | Scout Tower |
| 12:06 | Scout Tower |
| 12:07 | Scout Tower |
| 12:08 | Scout Tower |
| 12:08 | Scout Tower |
| 12:09 | Scout Tower |
| 12:09 | Scout Tower |
| 12:10 | Scout Tower |
| 12:11 | Scout Tower |
| 12:12 | Scout Tower |
| 12:12 | Scout Tower |
| 12:14 | Scout Tower |
| 12:29 | Peasant |
| 12:33 | Guard Tower |
| 12:36 | Improved Lumber Harvesting |
| 12:37 | Advanced Masonry |
| 12:47 | Guard Tower |
| 13:03 | Storm Bolt |
| 13:07 | Healing Salve |
| 13:13 | Orb of Lightning |
| 13:38 | Peasant |
| 14:47 | Scout Tower |
| 14:48 | Scout Tower |
| 14:50 | Scout Tower |
| 14:50 | Scout Tower |
| 14:52 | Scout Tower |
| 14:54 | Scout Tower |
| 14:55 | Scout Tower |
| 14:55 | Scout Tower |
| 14:56 | Scout Tower |
| 14:57 | Scout Tower |
| 14:57 | Scout Tower |
| 14:58 | Scout Tower |
| 14:58 | Scout Tower |
| 14:59 | Scout Tower |
| 15:11 | Staff of Teleportation |
| 15:12 | Boots of Speed |
| 15:30 | Guard Tower |
| 15:33 | Scout Tower |
| 15:33 | Scout Tower |
| 15:33 | Scout Tower |
| 15:34 | Scout Tower |
| 15:35 | Scout Tower |
| 15:35 | Scout Tower |
| 15:36 | Scout Tower |
| 15:36 | Scout Tower |
| 15:54 | Guard Tower |
| 16:17 | Guard Tower |
| 16:19 | Scout Tower |
| 16:51 | Bash |
| 16:57 | Brilliance Aura |
| 17:01 | Guard Tower |
| 17:42 | Scout Tower |
| 17:44 | Scout Tower |
| 17:44 | Scout Tower |
| 17:45 | Scout Tower |
| 17:45 | Scout Tower |
| 17:47 | Scout Tower |
| 17:49 | Scout Tower |
| 17:49 | Scout Tower |
| 17:50 | Scout Tower |
| 17:50 | Scout Tower |
| 18:09 | Guard Tower |
| 18:11 | Guard Tower |
| 18:12 | Scout Tower |
| 18:13 | Scout Tower |
| 18:13 | Scout Tower |
| 18:14 | Scout Tower |
| 18:15 | Scout Tower |
| 18:15 | Scout Tower |
| 18:16 | Scout Tower |
| 18:17 | Scout Tower |
| 18:18 | Scout Tower |
| 18:18 | Scout Tower |
| 18:18 | Scout Tower |
| 18:19 | Scout Tower |
| 18:19 | Scout Tower |
| 18:19 | Scout Tower |
| 18:20 | Scout Tower |
| 18:21 | Scout Tower |
| 18:22 | Guard Tower |
| 18:30 | Peasant |
| 18:31 | Peasant |
| 18:32 | Imbued Masonry |
| 18:37 | Guard Tower |
| 18:41 | Scout Tower |
| 18:41 | Scout Tower |
| 18:41 | Scout Tower |
| 18:42 | Scout Tower |
| 18:43 | Scout Tower |
| 18:43 | Scout Tower |
| 18:44 | Scout Tower |
| 18:44 | Scout Tower |
| 18:45 | Scout Tower |
| 18:45 | Scout Tower |
| 18:47 | Scout Tower |
| 18:47 | Scout Tower |
| 18:59 | Guard Tower |
| 19:04 | Farm |
| 19:09 | Guard Tower |
| 19:17 | Scout Tower |
| 19:18 | Scout Tower |
| 19:19 | Scout Tower |
| 19:20 | Scout Tower |
| 19:23 | Guard Tower |
| 19:49 | Guard Tower |
| 19:55 | Guard Tower |
| 20:08 | Scout Tower |
| 20:09 | Scout Tower |
| 20:13 | Scout Tower |
| 20:14 | Scout Tower |
| 20:17 | Scout Tower |
| 20:18 | Scout Tower |
| 20:32 | Scout Tower |
| 20:33 | Scout Tower |
| 20:38 | Scout Tower |
| 20:38 | Scout Tower |
| 20:39 | Scout Tower |
| 20:39 | Scout Tower |
| 20:50 | Guard Tower |
| 20:52 | Scout Tower |
| 20:53 | Scout Tower |
| 20:55 | Scout Tower |
| 20:55 | Scout Tower |
| 20:56 | Scout Tower |
| 21:02 | Scout Tower |
| 21:03 | Scout Tower |
| 21:03 | Scout Tower |
| 21:03 | Scout Tower |
| 21:05 | Guard Tower |
| 21:10 | Town Hall |
| 21:12 | Guard Tower |
| 21:16 | Scout Tower |
| 21:17 | Scout Tower |
| 21:17 | Scout Tower |
| 21:18 | Scout Tower |
| 21:19 | Scout Tower |
| 21:19 | Scout Tower |
| 21:19 | Scout Tower |
| 21:24 | Guard Tower |
| 21:25 | Scout Tower |
| 21:27 | Scout Tower |
| 21:28 | Scout Tower |
| 21:31 | Scout Tower |
| 21:32 | Scout Tower |
| 21:32 | Scout Tower |
| 21:35 | Guard Tower |
| 21:37 | Scout Tower |
| 21:38 | Scout Tower |
| 21:38 | Scout Tower |
| 21:39 | Scout Tower |
| 21:41 | Guard Tower |
| 21:42 | Scout Tower |
| 21:42 | Scout Tower |
| 21:43 | Scout Tower |
| 21:43 | Scout Tower |
| 21:45 | Scout Tower |
| 21:45 | Scout Tower |
| 21:49 | Guard Tower |
| 21:52 | Guard Tower |
| 21:53 | Guard Tower |
| 21:54 | Scout Tower |
| 21:55 | Scout Tower |
| 21:55 | Scout Tower |
| 21:56 | Scout Tower |
| 21:56 | Scout Tower |
| 21:59 | Guard Tower |
| 22:01 | Scout Tower |
| 22:02 | Scout Tower |
| 22:16 | Guard Tower |
| 22:19 | Guard Tower |
| 22:43 | Staff of Teleportation |
| 22:50 | Guard Tower |
| 22:52 | Scout Tower |
| 22:53 | Scout Tower |
| 22:53 | Scout Tower |
| 22:53 | Scout Tower |
| 22:55 | Guard Tower |
| 22:56 | Scout Tower |
| 22:57 | Scout Tower |
| 22:58 | Scout Tower |
| 22:58 | Scout Tower |
| 23:28 | Guard Tower |
| 23:30 | Guard Tower |
| 23:31 | Scout Tower |
| 23:32 | Scout Tower |
| 23:54 | Guard Tower |
| 23:58 | Scout Tower |
| 23:58 | Scout Tower |
| 23:59 | Scout Tower |
| 24:01 | Guard Tower |
| 24:04 | Scout Tower |
| 24:05 | Scout Tower |
| 24:06 | Scout Tower |
| 24:12 | Healing Salve |
| 24:31 | Guard Tower |
| 24:33 | Scout Tower |
| 24:33 | Scout Tower |
| 24:44 | Guard Tower |
| 25:25 | Scout Tower |
| 25:26 | Scout Tower |
| 25:27 | Scout Tower |
| 25:28 | Scout Tower |
| 25:28 | Scout Tower |
| 25:31 | Storm Bolt |
| 25:39 | Guard Tower |
| 25:52 | Guard Tower |
| Right click | 918 |
| Select | 775 |
| Select group | 237 |
| Build/train/purchase | 158 |
| Chat | 107 |
| Assign group | 88 |
| Use ability | 35 |
| Misc. action | 16 |
| Minimap ping | 14 |
| Resource trade | 12 |
| Item give/drop | 1 |
⇛
iggythefisk
(26:07) : 
| Healing Salve | 6 | 600 |
| Lesser Clarity Potion | 5 | 350 |
| Scroll of Speed | 2 | 100 |
| Orb of Lightning | 1 | 375 |
| Scroll of Town Portal | 4 | 1400 |
| Boots of Speed | 1 | 250 |
| Staff of Teleportation | 1 | 150 |
| Circlet of Nobility | 1 | 175 |
| total: | 21 | 3400g |
| Peon | 10 | 750 | / | 0 |
| Raider | 12 | 2160 | / | 480 |
| total: | 22 | 2910g | / | 480w |
| Watch Tower | 23 | 2530 | / | 1840 |
| Altar of Storms | 1 | 180 | / | 50 |
| Orc Burrow | 4 | 640 | / | 160 |
| War Mill | 1 | 205 | / | 0 |
| Voodoo Lounge | 1 | 130 | / | 30 |
| Beastiary | 1 | 145 | / | 140 |
| Stronghold | 1 | 315 | / | 190 |
| Fortress | 1 | 325 | / | 190 |
| total: | 31 | 3830g | / | 2220w |
| 0:02 | Peon |
| 0:08 | Altar of Storms |
| 0:09 | Peon |
| 0:18 | Orc Burrow |
| 0:19 | Peon |
| 0:37 | War Mill |
| 0:46 | Peon |
| 0:55 | Peon |
| 1:08 | Peon |
| 1:13 | Peon |
| 1:28 | Voodoo Lounge |
| 1:36 | Peon |
| 1:49 | Peon |
| 2:01 | Watch Tower |
| 2:06 | Wind Walk |
| 2:11 | Peon |
| 2:20 | Watch Tower |
| 2:28 | Watch Tower |
| 3:17 | Stronghold |
| 3:34 | Watch Tower |
| 4:04 | Orc Burrow |
| 4:46 | Watch Tower |
| 4:52 | Healing Salve |
| 4:52 | Healing Salve |
| 4:52 | Lesser Clarity Potion |
| 4:52 | Lesser Clarity Potion |
| 4:53 | Scroll of Speed |
| 5:09 | Boots of Speed |
| 5:22 | Watch Tower |
| 5:22 | Watch Tower |
| 6:18 | Fortress |
| 6:20 | Beastiary |
| 6:21 | Steel Melee Weapons |
| 7:04 | Watch Tower |
| 7:17 | Staff of Teleportation |
| 7:19 | Circlet of Nobility |
| 7:36 | Raider |
| 7:40 | Orc Burrow |
| 8:31 | Healing Salve |
| 8:31 | Lesser Clarity Potion |
| 8:32 | Lesser Clarity Potion |
| 8:34 | Healing Salve |
| 8:39 | Raider |
| 8:41 | Thorium Melee Weapons |
| 8:42 | Pillage |
| 8:44 | Orc Burrow |
| 9:24 | Watch Tower |
| 9:25 | Watch Tower |
| 9:26 | Watch Tower |
| 9:26 | Watch Tower |
| 10:08 | Critical Strike |
| 10:26 | Arcanite Melee Weapons |
| 10:33 | Lesser Clarity Potion |
| 10:37 | Orb of Lightning |
| 10:43 | Raider |
| 10:43 | Raider |
| 10:46 | Ensnare |
| 11:06 | Reinforced Defenses |
| 11:35 | Watch Tower |
| 11:36 | Watch Tower |
| 11:41 | Raider |
| 11:41 | Raider |
| 12:18 | Raider |
| 13:04 | Raider |
| 13:44 | Raider |
| 14:01 | Raider |
| 14:04 | Watch Tower |
| 14:04 | Watch Tower |
| 14:06 | Watch Tower |
| 14:06 | Watch Tower |
| 14:06 | Watch Tower |
| 14:15 | Scroll of Speed |
| 14:32 | Scroll of Town Portal |
| 14:53 | Wind Walk |
| 15:01 | Steel Armor |
| 17:45 | Raider |
| 18:57 | Thorium Armor |
| 19:01 | Watch Tower |
| 20:08 | Healing Salve |
| 20:12 | Scroll of Town Portal |
| 20:21 | Watch Tower |
| 20:22 | Watch Tower |
| 20:22 | Watch Tower |
| 22:02 | Healing Salve |
| 22:07 | Scroll of Town Portal |
| 23:46 | Critical Strike |
| 24:33 | Raider |
| 24:50 | Scroll of Town Portal |
| Right click | 1423 |
| Select group | 445 |
| Assign group | 436 |
| Select | 279 |
| Build/train/purchase | 194 |
| Chat | 145 |
| Use ability | 131 |
| Resource trade | 23 |
| Item give/drop | 5 |
| Minimap ping | 5 |
| Misc. action | 2 |
190 units @ 30.9k
/ 4.9k
92 buildings @ 13.5k
/ 6.1k


| Peon | 11 | 825 | / | 0 |
| Grunt | 21 | 4200 | / | 0 |
| Troll Headhunter | 4 | 560 | / | 80 |
| total: | 36 | 5585g | / | 80w |
| Watch Tower | 5 | 550 | / | 400 |
| Altar of Storms | 1 | 180 | / | 50 |
| Orc Burrow | 5 | 800 | / | 200 |
| Barracks | 2 | 360 | / | 100 |
| War Mill | 1 | 205 | / | 0 |
| Great Hall | 2 | 770 | / | 370 |
| Stronghold | 2 | 630 | / | 380 |
| total: | 16 | 2865g | / | 1120w |
| 0:07 | Peon |
| 0:07 | Peon |
| 0:18 | Altar of Storms |
| 0:23 | Orc Burrow |
| 0:30 | Peon |
| 0:32 | Peon |
| 1:01 | Barracks |
| 1:42 | Orc Burrow |
| 1:45 | Peon |
| 1:46 | Peon |
| 2:06 | Grunt |
| 2:18 | Orc Burrow |
| 2:40 | Grunt |
| 2:56 | War Mill |
| 3:39 | Mirror Image |
| 4:19 | Grunt |
| 4:19 | Grunt |
| 5:22 | Watch Tower |
| 5:26 | Grunt |
| 5:26 | Grunt |
| 6:36 | Critical Strike |
| 6:53 | Watch Tower |
| 6:58 | Stronghold |
| 7:00 | Steel Melee Weapons |
| 7:00 | Steel Armor |
| 7:12 | Orc Burrow |
| 8:14 | Barracks |
| 8:22 | Orc Burrow |
| 9:14 | Mirror Image |
| 9:31 | Berserker Strength |
| 9:32 | Grunt |
| 11:03 | Watch Tower |
| 11:08 | Troll Headhunter |
| 11:09 | Grunt |
| 11:12 | Troll Regeneration |
| 11:18 | Thorium Melee Weapons |
| 12:32 | Great Hall |
| 16:00 | Peon |
| 16:00 | Peon |
| 16:00 | Peon |
| 16:01 | Peon |
| 16:02 | Peon |
| 16:18 | Watch Tower |
| 17:00 | Grunt |
| 17:02 | Troll Headhunter |
| 17:02 | Grunt |
| 17:13 | Healing Wave |
| 18:19 | Great Hall |
| 18:34 | Grunt |
| 19:14 | Steel Ranged Weapons |
| 20:12 | Grunt |
| 20:12 | Grunt |
| 20:13 | Troll Headhunter |
| 21:32 | Watch Tower |
| 22:37 | Troll Headhunter |
| 22:37 | Grunt |
| 22:37 | Grunt |
| 22:45 | Stronghold |
| 24:39 | Grunt |
| 24:39 | Grunt |
| 24:39 | Grunt |
| 24:41 | Grunt |
| 24:41 | Grunt |
| 24:41 | Grunt |
| Right click | 410 |
| Select | 218 |
| Build/train/purchase | 69 |
| Misc. action | 12 |
| Use ability | 9 |
| Resource trade | 8 |
| Select group | 4 |
| Assign group | 2 |
| Remove unit | 1 |

| Acolyte | 8 | 600 | / | 0 |
| Ghoul | 9 | 1080 | / | 0 |
| Necromancer | 6 | 870 | / | 120 |
| Obsidian Statue | 4 | 800 | / | 140 |
| Meat Wagon | 4 | 920 | / | 200 |
| Abomination | 14 | 3360 | / | 980 |
| total: | 45 | 7630g | / | 1440w |
| Nerubian Tower | 3 | 300 | / | 60 |
| Spirit Tower | 7 | 1015 | / | 280 |
| Ziggurat | 14 | 2100 | / | 700 |
| Altar of Darkness | 1 | 180 | / | 50 |
| Crypt | 1 | 200 | / | 50 |
| Tomb of Relics | 1 | 130 | / | 30 |
| Graveyard | 1 | 215 | / | 0 |
| Temple of the Damned | 1 | 155 | / | 140 |
| Slaughterhouse | 1 | 140 | / | 135 |
| Halls of the Dead | 1 | 320 | / | 210 |
| Black Citadel | 1 | 325 | / | 230 |
| total: | 20 | 3120g | / | 1105w |
| 0:18 | Acolyte |
| 0:18 | Acolyte |
| 0:23 | Ziggurat |
| 0:25 | Ziggurat |
| 0:59 | Acolyte |
| 1:12 | Altar of Darkness |
| 1:33 | Crypt |
| 1:43 | Acolyte |
| 2:07 | Tomb of Relics |
| 2:26 | Nerubian Tower |
| 2:27 | Nerubian Tower |
| 2:35 | Ghoul |
| 2:36 | Ghoul |
| 3:15 | Ghoul |
| 3:21 | Unholy Aura |
| 3:42 | Ghoul |
| 3:59 | Ziggurat |
| 4:51 | Graveyard |
| 4:55 | Halls of the Dead |
| 5:06 | Nerubian Tower |
| 5:46 | Ziggurat |
| 6:23 | Ziggurat |
| 6:30 | Ghoul |
| 6:30 | Ghoul |
| 6:30 | Ghoul |
| 6:30 | Ghoul |
| 6:30 | Ghoul |
| 7:18 | Spirit Tower |
| 7:51 | Temple of the Damned |
| 8:43 | Unholy Strength |
| 9:13 | Necromancer |
| 9:14 | Necromancer |
| 9:15 | Necromancer |
| 9:36 | Death Pact |
| 9:53 | Slaughterhouse |
| 10:28 | Spirit Tower |
| 10:50 | Ziggurat |
| 11:04 | Black Citadel |
| 11:09 | Obsidian Statue |
| 11:10 | Obsidian Statue |
| 11:12 | Obsidian Statue |
| 11:12 | Obsidian Statue |
| 12:12 | Meat Wagon |
| 12:12 | Meat Wagon |
| 12:12 | Meat Wagon |
| 12:13 | Meat Wagon |
| 12:31 | Necromancer |
| 12:31 | Necromancer |
| 12:33 | Necromancer |
| 15:58 | Abomination |
| 15:58 | Abomination |
| 15:58 | Abomination |
| 15:58 | Abomination |
| 15:58 | Abomination |
| 16:00 | Abomination |
| 16:00 | Abomination |
| 16:21 | Ziggurat |
| 16:24 | Ziggurat |
| 16:31 | Ziggurat |
| 17:09 | Disease Cloud |
| 17:42 | Abomination |
| 17:42 | Abomination |
| 17:42 | Abomination |
| 17:42 | Abomination |
| 17:43 | Abomination |
| 17:43 | Abomination |
| 18:49 | Unholy Armor |
| 19:24 | Spirit Tower |
| 19:43 | Ziggurat |
| 19:45 | Ziggurat |
| 19:49 | Ziggurat |
| 19:51 | Ziggurat |
| 19:57 | Ziggurat |
| 20:41 | Acolyte |
| 20:41 | Acolyte |
| 20:41 | Acolyte |
| 20:43 | Acolyte |
| 21:15 | Spirit Tower |
| 21:23 | Spirit Tower |
| 23:01 | Spirit Tower |
| 23:31 | Abomination |
| Right click | 833 |
| Select | 315 |
| Build/train/purchase | 71 |
| Remove unit | 9 |
| Resource trade | 9 |
| Assign group | 5 |
| Use ability | 3 |
| Misc. action | 1 |

| Periapt of Vitality | 1 | 325 |
| total: | 1 | 325g |
| Wisp | 26 | 1560 | / | 0 |
| Archer | 3 | 390 | / | 30 |
| Huntress | 9 | 1755 | / | 180 |
| Hippogryph | 8 | 1280 | / | 160 |
| Glaive Thrower | 1 | 210 | / | 65 |
| Chimaera | 11 | 3630 | / | 770 |
| Forest Troll High Priest | 1 | 305 | / | 40 |
| total: | 59 | 9130g | / | 1245w |
| Altar of Elders | 1 | 180 | / | 50 |
| Moon Well | 8 | 1440 | / | 320 |
| Ancient of War | 1 | 150 | / | 60 |
| Hunter's Hall | 1 | 210 | / | 100 |
| Tree of Life | 2 | 680 | / | 370 |
| Ancient of Lore | 1 | 155 | / | 145 |
| Ancient of Wind | 1 | 150 | / | 140 |
| Chimaera Roost | 3 | 420 | / | 570 |
| Tree of Ages | 1 | 320 | / | 180 |
| Tree of Eternity | 1 | 330 | / | 200 |
| total: | 18 | 3385g | / | 1755w |
| 0:06 | Wisp |
| 0:06 | Wisp |
| 0:06 | Wisp |
| 0:20 | Altar of Elders |
| 0:23 | Moon Well |
| 0:37 | Ancient of War |
| 0:44 | Wisp |
| 0:53 | Wisp |
| 0:58 | Wisp |
| 1:26 | Wisp |
| 1:28 | Wisp |
| 1:38 | Archer |
| 1:39 | Archer |
| 1:52 | Moon Well |
| 2:20 | Hunter's Hall |
| 2:36 | Immolation |
| 2:52 | Moon Well |
| 2:54 | Wisp |
| 2:54 | Wisp |
| 2:55 | Wisp |
| 2:56 | Wisp |
| 2:59 | Archer |
| 3:24 | Huntress |
| 3:34 | Huntress |
| 3:52 | Evasion |
| 4:01 | Tree of Ages |
| 4:46 | Huntress |
| 4:47 | Huntress |
| 4:57 | Moon Well |
| 5:37 | Evasion |
| 5:40 | Periapt of Vitality |
| 5:56 | Moon Well |
| 6:58 | Ancient of Lore |
| 7:01 | Tree of Eternity |
| 7:02 | Moon Glaive |
| 7:02 | Huntress |
| 7:03 | Huntress |
| 7:03 | Huntress |
| 7:36 | Huntress |
| 7:59 | Ancient of Wind |
| 8:03 | Reinforced Hides |
| 8:03 | Strength of the Wild |
| 8:32 | Mana Burn |
| 8:42 | Tree of Life |
| 9:01 | Huntress |
| 9:06 | Hippogryph |
| 9:29 | Hippogryph |
| 10:16 | Wisp |
| 10:16 | Wisp |
| 10:16 | Wisp |
| 10:16 | Wisp |
| 10:43 | Wisp |
| 10:52 | Chimaera Roost |
| 11:01 | Hippogryph |
| 11:25 | Tree of Life |
| 11:42 | Improved Reinforced Hides |
| 11:42 | Improved Strength of the Wild |
| 11:55 | Wisp |
| 11:55 | Wisp |
| 12:22 | Corrosive Breath |
| 12:26 | Wisp |
| 12:26 | Wisp |
| 12:32 | Moon Well |
| 13:28 | Wisp |
| 13:28 | Wisp |
| 13:28 | Wisp |
| 13:28 | Wisp |
| 13:29 | Wisp |
| 14:22 | Vorpal Blades |
| 14:24 | Glaive Thrower |
| 16:07 | Forest Troll High Priest |
| 17:08 | Chimaera Roost |
| 17:13 | Chimaera Roost |
| 17:22 | Chimaera |
| 17:22 | Chimaera |
| 17:22 | Chimaera |
| 17:23 | Chimaera |
| 17:44 | Hippogryph |
| 17:44 | Hippogryph |
| 17:44 | Hippogryph |
| 18:24 | Hippogryph |
| 18:35 | Moon Well |
| 18:37 | Chimaera |
| 18:38 | Chimaera |
| 18:42 | Chimaera |
| 18:42 | Chimaera |
| 18:55 | Hippogryph |
| 19:01 | Moon Well |
| 19:29 | Chimaera |
| 20:11 | Advanced Strength of the Wild |
| 20:12 | Advanced Reinforced Hides |
| 21:05 | Chimaera |
| 21:11 | Chimaera |
| Right click | 889 |
| Select | 391 |
| Build/train/purchase | 97 |
| Use ability | 9 |
| Minimap ping | 8 |
| Resource trade | 7 |
| Item give/drop | 4 |
| Misc. action | 2 |
| Remove unit | 2 |


| Orb of Fire | 1 | 325 |
| Potion of Healing | 1 | 150 |
| Scroll of Regeneration | 2 | 200 |
| Scroll of Town Portal | 1 | 350 |
| total: | 5 | 1025g |
| Peasant | 11 | 825 | / | 0 |
| Footman | 5 | 675 | / | 0 |
| Gryphon Rider | 4 | 1120 | / | 280 |
| Mortar Team | 3 | 540 | / | 210 |
| Siege Engine | 26 | 5070 | / | 1560 |
| Goblin Shredder | 1 | 375 | / | 100 |
| total: | 50 | 8605g | / | 2150w |
| Scout Tower | 7 | 210 | / | 140 |
| Arcane Tower | 1 | 70 | / | 50 |
| Guard Tower | 5 | 350 | / | 250 |
| Altar of Kings | 1 | 180 | / | 50 |
| Farm | 16 | 1280 | / | 320 |
| Barracks | 1 | 160 | / | 60 |
| Arcane Vault | 1 | 130 | / | 30 |
| Lumber Mill | 1 | 120 | / | 0 |
| Blacksmith | 2 | 280 | / | 120 |
| Town Hall | 2 | 770 | / | 410 |
| Gryphon Aviary | 4 | 560 | / | 600 |
| Workshop | 3 | 420 | / | 420 |
| Keep | 1 | 320 | / | 210 |
| Castle | 1 | 360 | / | 210 |
| total: | 38 | 4110g | / | 2150w |
| 0:04 | Peasant |
| 0:04 | Peasant |
| 0:04 | Peasant |
| 0:14 | Altar of Kings |
| 0:22 | Farm |
| 0:24 | Farm |
| 0:29 | Peasant |
| 0:50 | Peasant |
| 1:06 | Barracks |
| 1:10 | Peasant |
| 1:21 | Farm |
| 1:25 | Peasant |
| 1:31 | Scout Tower |
| 1:37 | Peasant |
| 1:51 | Farm |
| 2:01 | Arcane Vault |
| 2:05 | Peasant |
| 2:10 | Arcane Tower |
| 2:24 | Farm |
| 3:29 | Peasant |
| 3:29 | Peasant |
| 3:36 | Footman |
| 4:00 | Keep |
| 4:07 | Lumber Mill |
| 4:09 | Footman |
| 4:14 | Farm |
| 4:37 | Holy Light |
| 4:43 | Footman |
| 4:48 | Blacksmith |
| 5:26 | Goblin Shredder |
| 5:45 | Divine Shield |
| 5:50 | Footman |
| 5:53 | Scout Tower |
| 5:57 | Improved Masonry |
| 6:42 | Footman |
| 6:47 | Divine Shield |
| 7:12 | Iron Forged Swords |
| 7:13 | Castle |
| 7:23 | Town Hall |
| 8:16 | Guard Tower |
| 8:28 | Farm |
| 8:34 | Farm |
| 8:51 | Gryphon Aviary |
| 8:52 | Gryphon Aviary |
| 8:59 | Gryphon Aviary |
| 9:01 | Gryphon Aviary |
| 9:10 | Storm Bolt |
| 9:14 | Scout Tower |
| 10:00 | Guard Tower |
| 10:02 | Scout Tower |
| 10:10 | Workshop |
| 10:11 | Workshop |
| 10:45 | Orb of Fire |
| 10:45 | Potion of Healing |
| 10:46 | Scroll of Town Portal |
| 10:46 | Scroll of Regeneration |
| 10:47 | Scroll of Regeneration |
| 10:54 | Guard Tower |
| 11:01 | Storm Hammers |
| 11:02 | Gryphon Rider |
| 11:47 | Gryphon Rider |
| 12:13 | Scout Tower |
| 12:14 | Scout Tower |
| 12:16 | Scout Tower |
| 12:18 | Advanced Masonry |
| 12:48 | Bash |
| 13:05 | Gryphon Rider |
| 13:19 | Devotion Aura |
| 13:30 | Steel Forged Swords |
| 13:32 | Studded Leather Armor |
| 13:34 | Guard Tower |
| 13:50 | Fragmentation Shards |
| 14:14 | Mortar Team |
| 14:50 | Mortar Team |
| 15:06 | Mortar Team |
| 15:12 | Farm |
| 15:13 | Farm |
| 15:14 | Farm |
| 15:15 | Farm |
| 15:18 | Guard Tower |
| 16:11 | Siege Engine |
| 16:12 | Siege Engine |
| 16:12 | Siege Engine |
| 16:13 | Siege Engine |
| 16:13 | Siege Engine |
| 16:17 | Siege Engine |
| 16:17 | Siege Engine |
| 16:17 | Siege Engine |
| 16:17 | Siege Engine |
| 16:17 | Siege Engine |
| 16:17 | Siege Engine |
| 16:18 | Siege Engine |
| 16:23 | Siege Engine |
| 16:24 | Siege Engine |
| 16:24 | Siege Engine |
| 16:24 | Siege Engine |
| 17:08 | Workshop |
| 17:15 | Black Gunpowder |
| 17:43 | Siege Engine |
| 18:06 | Siege Engine |
| 18:11 | Iron Plating |
| 18:17 | Blacksmith |
| 18:32 | Gryphon Rider |
| 18:58 | Farm |
| 19:03 | Refined Gunpowder |
| 19:19 | Barrage |
| 19:53 | Town Hall |
| 21:14 | Farm |
| 21:15 | Farm |
| 21:16 | Farm |
| 21:52 | Imbued Gunpowder |
| 22:54 | Siege Engine |
| 22:54 | Siege Engine |
| 22:54 | Siege Engine |
| 23:25 | Storm Bolt |
| 24:16 | Holy Light |
| 24:51 | Siege Engine |
| 25:38 | Siege Engine |
| 25:38 | Siege Engine |
| 25:38 | Siege Engine |
| 25:38 | Siege Engine |
| Right click | 301 |
| Select | 257 |
| Select group | 132 |
| Build/train/purchase | 125 |
| Use ability | 35 |
| Assign group | 28 |
| Minimap ping | 5 |
| Item give/drop | 2 |